 Dungeon Crawl Stone Soup version 0.30.0 (webtiles) character file.

Game seed: 14821934686425428110

5294 BANAMAN the Cleaver (level 10, -6/79 (95) HPs)
             Began as a Minotaur Fighter on Dec 12, 2023.
             Was an Initiate of Okawaru.
             Mangled by a wight
             ... wielding a +4 battleaxe
              (9 damage)
             ... on level 8 of the Dungeon.
             The game lasted 00:31:08 (7549 turns).

BANAMAN the Cleaver (Minotaur Fighter)              Turns: 7549, Time: 00:31:08

HP:   -6/79 (95)    AC: 18    Str: 18 (26) XL:     10   Next: 37%
MP:   18/18         EV:  2    Int: -15 (5) God:    Okawaru [......]
Gold: 448           SH:  0    Dex:  0 (9)  Spells: 9/9 levels left

rFire   . . .        a - +0 war axe (drain)
rCold   . . .        c - +0 buckler
rNeg    . . .        o - +3 scale mail {rPois}
rPois   +            (helmet unavailable)
rElec   .            n - +1 cloak
rCorr   .            p - +2 pair of gloves
SInv    .            i - +0 pair of boots
Will    +....        m - amulet of reflection Stlth
                     h - ring of willpower
HPRegen 0.33/turn    r - ring of magical power
MPRegen 0.16/turn

%: reflection
@: slowed, lost intelligence, lost dexterity, heavily drained, unable to read,
very slow
A: horns 3, retaliatory headbutt, sturdy frame 1
a: Renounce Religion


You were on level 8 of the Dungeon.
You worshipped Okawaru.
Okawaru was noncommittal.
You visited 1 branch of the dungeon, and saw 8 of its levels.

You collected 448 gold pieces.

Inventory:

Hand Weapons
 a - a +0 war axe of draining (weapon)
 u - a +3 great sword
Armour
 b - a +1 scale mail
 c - a +0 buckler (worn)
 f - a +0 pair of gloves
 i - a +0 pair of boots (worn)
 n - a +1 cloak (worn)
 o - a +3 scale mail of poison resistance (worn)
 p - a +2 pair of gloves (worn)
Jewellery
 h - a ring of willpower (left hand)
 m - an amulet of reflection (around neck)
 r - a ring of magical power (right hand)
Wands
 j - a wand of flame (27)
 s - a wand of mindburst (18)
 v - a wand of paralysis (7)
Scrolls
 e - 6 scrolls of identify
 g - a scroll of brand weapon
 k - 2 scrolls of immolation
 l - 2 scrolls of noise
 q - 3 scrolls of fog
 t - a scroll of teleportation
Potions
 d - a potion of magic


   Skills:
 * Level 11.0 Fighting
 * Level 12.8 Axes
 + Level 9.6 Armour
 + Level 5.4 Stealth
 + Level 9.2 Shields


You had 9 spell levels left.
You didn't know any spells.
Your spell library contained the following spells:

 Spells                   Type           Power      Damage    Failure   Level
 Slow                     Hex            0%         N/A       86%         1
 Confusing Touch          Hex            0%         N/A       99%         3
 Vampiric Draining        Necr           0%         2d6       99%         3
 Passage of Golubria      Tloc           0%         N/A       100%        4
 Yara's Violent Unravell  Hex/Tmut       0%         3d3       100%        5
 Tukima's Dance           Hex            Unusable   N/A       N/A         3

Dungeon Overview and Level Annotations

Branches:
Dungeon (8/15)             Temple (0/1) D:5
   Lair: D:8-11

Altars:
Cheibriados
Gozag
Okawaru
Qazlal
Trog
Uskayaw
Vehumet
Xom

Shops:
D:1 (   D:4 ?


Innate Abilities, Weirdness & Mutations

You have a pair of large horns on your head.
You reflexively headbutt those who attack you in melee.
Your movements are slightly less encumbered by armour. (ER -2)


Message History

The wight is lightly damaged.
The wight hits you but does no damage. The wight hits you with a +4 battleaxe!
You barely miss the wight. Your headbutt misses the wight.
The wight is lightly damaged.
The wight hits you but does no damage. The wight hits you with a +4 battleaxe!
You hit the wight but do no damage.
The wight is lightly damaged.
The wight hits you but does no damage. x3
The wight hits you with a +4 battleaxe!
You closely miss the wight. Your headbutt misses the wight.
The wight is lightly damaged.
The wight hits you from afar with a +3 spear.
You feel drained. The wight hits you but does no damage.
You barely miss the wight.
The wight is lightly damaged.
The wight hits you but does no damage.
The wight hits you with a +4 battleaxe! x2
The wight hits you from afar with a +3 spear.
You hit the wight but do no damage.
The wight is lightly damaged.
The wight barely misses you. The wight hits you but does no damage.
You slash the wight!
The wight is severely damaged.
The wight hits you from afar with a +3 spear.
The wight hits you with a +4 battleaxe.
* * * LOW HITPOINT WARNING * * *
You closely miss the wight.
The wight is severely damaged.
The wight hits you from afar with a +3 spear!
* * * LOW HITPOINT WARNING * * *
The wight hits you with a +4 battleaxe!
* * * LOW HITPOINT WARNING * * *
The wight hits you from afar with a +3 spear.
* * * LOW HITPOINT WARNING * * *
The wight hits you but does no damage.
Okay, then.
The wight hits you but does no damage. The wight hits you with a +4 battleaxe.
* * * LOW HITPOINT WARNING * * *
You feel drained. The wight barely misses you.
The wight hits you with a +4 battleaxe!
You die...

+>........'..........#.#
#.........####...#.###.#
##.......## ##........#
##.....## ####.#####
##...## ### #.# ##+# ..#
#.# #z# #.# #z# #.#
..#####@###.#
........z)..#
..#####.##### #.# ..#
####


You could see 3 wights.

Vanquished Creatures
  Grinder (D:3)
  A steam dragon (D:4)
  Edmund (D:6)
  A water moccasin (D:7)
  A black bear (D:6)
  A sky beast (D:7)
  3 ogres
  2 centaurs
  3 phantoms
  A bullfrog (D:7)
  2 scorpions (D:6)
  4 wights (D:8)
  2 howler monkeys
  4 jellies
  2 hounds
  7 orc priests
  3 sleepcaps
  Natasha (thrice) (D:3)
  5 orc wizards
  3 iguanas
  7 adders
  A shadow imp (D:6)
  An ufetubus (D:5)
  2 worms
  2 dart slugs (D:1)
  15 orcs
  10 endoplasms
  10 goblins
  8 hobgoblins
  2 jackals (D:1)
  A quokka (D:4)
  4 ball pythons
  8 bats
  6 frilled lizards
  3 kobolds
  10 rats
140 creatures vanquished.

Vanquished Creatures (others)
  A fungus (D:1)
  17 plants
18 creatures vanquished.

Grand Total: 158 creatures vanquished

Notes
Turn   | Place    | Note
-------+----------+-------------------------------------------
     0 | D:1      | BANAMAN the Minotaur Fighter began the quest for the Orb.
     0 | D:1      | Reached XP level 1. HP: 19/19 MP: 0/0
   138 | D:1      | Reached XP level 2. HP: 23/27 MP: 1/1
   175 | D:1      | Found Zupan's Antique Weapon Boutique.
   480 | D:1      | Reached skill level 3 in Axes
   480 | D:1      | Reached XP level 3. HP: 33/33 MP: 2/2
  1025 | D:2      | Found a faded altar of an unknown god.
  1189 | D:2      | Reached XP level 4. HP: 35/41 MP: 3/3
  1688 | D:3      | Noticed Grinder
  1693 | D:3      | Paralysed by Grinder for 3 turns
  1707 | D:3      | Killed Grinder
  1708 | D:3      | Reached skill level 5 in Axes
  1708 | D:3      | Reached XP level 5. HP: 26/47 MP: 4/4
  1708 | D:3      | Reached XP level 6. HP: 31/55 MP: 5/5
  1939 | D:3      | Noticed Natasha
  1944 | D:3      | Killed Natasha
  2086 | D:3      | Noticed Natasha
  2092 | D:3      | Killed Natasha
  2093 | D:3      | Reached skill level 6 in Axes
  2143 | D:3      | Noticed Natasha
  2156 | D:3      | Killed Natasha
  2191 | D:3      | Reached skill level 5 in Fighting
  2267 | D:3      | Gained mutation: You are somewhat resistant to further
                  | mutation. [potion of mutation]
  2267 | D:3      | Gained mutation: You are agile. (Dex +4, Str/Int -1)
                  | [potion of mutation]
  2267 | D:3      | Gained mutation: Potions are less effective at restoring
                  | your health. [potion of mutation]
  2548 | D:4      | Noticed a steam dragon
  2554 | D:4      | Killed a steam dragon
  2555 | D:4      | Reached skill level 7 in Axes
  2555 | D:4      | Reached skill level 5 in Armour
  2555 | D:4      | Reached XP level 7. HP: 60/61 MP: 6/6
  2573 | D:4      | Reached skill level 5 in Shields
  2996 | D:4      | Found a bloodstained altar of Trog.
  3046 | D:4      | Found a snail-covered altar of Cheibriados.
  3348 | D:4      | Found Muxauc's Magic Scroll Shoppe.
  3476 | D:4      | Became a worshipper of Cheibriados the Contemplative
  3512 | D:5      | Entered Level 5 of the Dungeon
  3524 | D:5      | Found an iron altar of Okawaru.
  3543 | D:5      | Fell from the grace of Cheibriados
  3543 | D:5      | Became a worshipper of Warmaster Okawaru
  3687 | D:5      | Reached skill level 8 in Axes
  3900 | D:5      | Reached skill level 11 in Axes
  3900 | D:5      | Reached XP level 8. HP: 78/78 MP: 7/7
  3901 | D:5      | Reached skill level 10 in Fighting
  3901 | D:5      | Reached skill level 12 in Axes
  3901 | D:5      | Reached skill level 5 in Stealth
  3901 | D:5      | Reached XP level 9. HP: 86/86 MP: 8/8
  4257 | D:5      | Found a staircase to the Ecumenical Temple.
  4290 | D:5      | Found an opulent altar of Gozag.
  4367 | D:5      | Found a hide-covered altar of Uskayaw.
  4606 | D:6      | Noticed Edmund
  4616 | D:6      | Killed Edmund
  4617 | D:6      | Reached XP level 10. HP: 94/94 MP: 9/9
  4629 | D:6      | Lost mutation: You are somewhat resistant to further
                  | mutation. [potion of mutation]
  4629 | D:6      | Lost mutation: You are agile. (Dex +4, Str/Int -1) [potion
                  | of mutation]
  4629 | D:6      | Lost mutation: Potions are less effective at restoring your
                  | health. [potion of mutation]
  4629 | D:6      | Gained mutation: Your movements are slightly less
                  | encumbered by armour. (ER -2) [potion of mutation]
  4629 | D:6      | Gained mutation: You have a pair of large horns on your
                  | head. [potion of mutation]
  4721 | D:6      | Reached * piety under Okawaru
  4733 | D:6      | Found a shimmering altar of Xom.
  4762 | D:6      | Found a radiant altar of Vehumet.
  5136 | D:6      | Lost intelligence.
  5363 | D:6      | Found a stormy altar of Qazlal.
  6982 | D:7      | Lost dexterity.
  7548 | D:8      | HP: 4/81 [wight/+3 spear (2)]
  7549 | D:8      | Mangled by a wight

Illustrated notes

Levels and vault maps discovered:
D:1:      spicycebolla_arrival_transporter_tutorial, layout_basic, serial_shops,
          nicolae_shop_just_a_little_nook, dreamdust_mushroom_princess
D:2:      layout_loops_ring, shapermc_ecumenical_altar_mp_urbaneastern
D:3:      layout_loops_corners, uniq_natasha, uniq_grinder
D:4:      layout_cave_pools, cheibrodos_worm_habitat, trog_book, serial_shops,
          kennysheep_mini, kennysheep_generic_room_8
D:5:      layout_basic, grunt_gozag_breadcrumbs, nicolae_uskayaw_suspiria,
          okawaru_ov_weapons_minmay, minmay_temple_entry_offerings
D:6:      layout_loops_cross, mainiacjoe_overflow_cross_hatched,
          nicolae_vehumet_radiance, mainiacjoe_overflow_surrounded_room,
          minmay_chambers_of_fives, uniq_edmund
D:7:      layout_cave_pools
D:8:      layout_loops_corners, mainiacjoe_overflow_paths, uniq_psyche

Skill      XL: |  1  2  3  4  5  6  7  8  9 10 |
---------------+-------------------------------+-----
Shields        | 4 7 9 |  9.2
Fighting       | 4 5 9 10 11 | 11.0
Armour         | 4 5 7 9 |  9.6
Axes           | 3 5 7 11 12 | 12.8
Stealth        | 4 5 |  5.4

Action                     |  1- 3 |  4- 6 |  7- 9 | 10-12 || total
---------------------------+-------+-------+-------+-------++-------
  Melee: War axe           |    83 |    55 |    80 |   107 ||   325
         Headbutt          |    15 |     9 |    14 |    19 ||    57
 Invoke: Heroism           |       |       |       |     3 ||     3
    Use: Scroll            |     6 |     2 |     3 |     2 ||    13
         Potion            |     3 |     5 |     4 |     5 ||    17
   Stab: Invisible         |       |     1 |       |       ||     1
 Armour: Scale mail        |    55 |    39 |    38 |    89 ||   221
  Dodge: Dodged            |    47 |    22 |    32 |    32 ||   133
  Block: Buckler           |    19 |    12 |    38 |    44 ||   113
         Reflection        |       |       |     3 |     1 ||     4
